AoeStats
← ElCapytan42

Arabian Desert

510769487Analyzed
1v1 RM · 1d ago on Oct 2, 2026· 22m 0s· 2 players
Game mode
Random Map
Map size
Tiny (2 player)
Population
200
Speed
Normal
Resources
Standard
Victory
Conquest
Starting age
Dark Age
Ending age
Imperial Age
RankedLock teamsTeams togetherTeam positionsShared explorationLock speedFull tech treeHidden civsTurbo modeCheats
Victory
Defeat
🇮🇳 Franks · India
781
+20
🇺🇸 Vikings · United States
814
-47
ScareCroW
8:44 Loom
10:32 Feudal Age
12:06 Double-Bit Axe
18:36 Scale Barding Armor
18:42 Forging
23:25 Castle Age
ElCapytan42
1:32 Loom
12:50 Feudal Age
Connection lost

Rejoining the realm…

Still unreachable

The connection could not be restored.

Session expired

The server has moved on; the page needs a fresh start.